 Dungeon Crawl Stone Soup version 0.29.1-12-g30fa7ad0bf (webtiles) character file.

Game seed: 5655997908198586891

44 hawla the Chiller (level 4, -2/33 HPs)
             Began as a Meteoran Ice Elementalist on Dec 22, 2022.
             Killed by nerve-wracking pain
             ... invoked by an orc priest
              (13 damage)
             ... on level 3 of the Dungeon.
             The game lasted 00:03:58 (586 turns).

hawla the Chiller (Meteoran Ice Elementalist)        Turns: 586, Time: 00:03:58

Health: -2/33      AC:  2    Str:  9    XL:     4   Next: 8%
Magic:  4/10       EV: 13    Int: 18    God:
Gold:   27         SH:  0    Dex: 15    Spells: 4/10 levels left

rFire   . . .      SeeInvis .   (no weapon)
rCold   . . .      Faith    .   (no shield)
rNeg    . . .      Spirit   .   a - +0 robe
rPois   .          Reflect  .   (no helmet)
rElec   .          Harm     .   (no cloak)
rCorr   .          Rampage  .   (no gloves)
Will    .....                   (no boots)
Stlth   +.........              (no amulet)
HPRegen 0.11/turn               (no ring)
MPRegen 0.12/turn               (no ring)

@: freezing walls, glowing
A: sense surroundings 1, otherworldly, glowing, explore regen
a: no special abilities


You were on level 3 of the Dungeon.
You visited 1 branch of the dungeon, and saw 3 of its levels.

You collected 27 gold pieces.

Inventory:

Armour
 a - a +0 robe (worn)
Potions
 b - a potion of magic


   Skills:
 + Level 2.8 Dodging
 - Level 1.4 Stealth
 + Level 3.8 Spellcasting
 + Level 5.0 Ice Magic


You had 4 spell levels left.
You knew the following spells:

 Your Spells              Type           Power      Damage    Failure   Level
a - Freeze                Ice            84%        1d10      1%          1
b - Frozen Ramparts       Ice            42%        1d7       6%          3
c - Blink                 Tloc           6%         N/A       22%         2

Your spell library contained the following spells:

 Spells                   Type           Power      Damage    Failure   Level
 Ozocubu's Armour         Ice            21%        N/A       6%          3
 Sandblast                Erth           6%         2d5       16%         1
 Passwall                 Tmut/Erth      2%         N/A       22%         2
 Lesser Beckoning         Tloc           3%         N/A       41%         3
 Stone Arrow              Conj/Erth      6%         3d7       41%         3
 Hailstorm                Conj/Ice       12%        3d5       47%         4
 Manifold Assault         Tloc           3%         N/A       99%         5


Dungeon Overview and Level Annotations

Branches:
Dungeon (3/15) Zot: 1213

Altars:


Innate Abilities, Weirdness & Mutations

You passively map a small area around you.
You are easily found by Zot.
You glow in the dark.
You regain HP and MP as you explore.


Message History

Casting: Frozen Ramparts (quite dangerous; 6% risk of failure)
Press: ? - help, Dir - look around, f - activate The walls around you are covered in ice.
An orc priest comes into view. It is wielding a +0 club.
The wall freezes the orc!
You kill the orc!
The wall freezes the orc.
Your Ice Magic skill increases to level 5!
Casting: Frozen Ramparts (quite dangerous; 6% risk of failure)
Confirm with . or Enter, or press ? or * to list all spells.
Aiming: Freeze (safe; 1% risk of failure)
Press: ? - help, Shift-Dir - straight line, f - orc
Aim: an orc, wielding a +0 hand axe, wearing a +0 ring mail and quivering boomerangs (heavily wounded)
You freeze the orc.
You kill the orc!
The orc priest shouts!
An orc comes into view. It is wielding a +0 whip.
The orc priest looks satisfied for a moment.
You have reached level 4!
The orc shouts!
The orc priest calls down the wrath of Beogh upon you.
Beogh smites you!
A gnoll comes into view. It is wielding a +0 flail.
The wall freezes the orc.
The wall freezes the orc.
You kill the orc!
The wall freezes the orc priest.
Casting: Freeze (safe; 1% risk of failure)
Confirm with . or Enter, or press ? or * to list all spells.
Aiming: Freeze (safe; 1% risk of failure)
Press: ? - help, Shift-Dir - straight line, f - orc priest
Aim: an orc priest, wielding a +0 club (lightly wounded)
You freeze the orc priest.
The orc priest is moderately wounded.
The wall freezes the gnoll.
A frilled lizard comes into view.
The wall freezes the orc priest.
The orc priest calls down the wrath of Beogh upon you.
Pain shoots through your body!
You die...

#.#####.#
#.......#
#.####### ####.#
#!...#
#....######### *
#.............
,....<...#.....##
*
*#########@###.#
, ,, , #go......
..#.#.### , * ,
,, ......., , , *
#.#.# #l# * * *
#.#.# .# , * * *
#.... # # ### * *
, ,,


You could see an orc priest, a gnoll and a frilled lizard.

Vanquished Creatures
  An adder (D:2)
  2 dart slugs (D:2)
  3 orcs (D:3)
  A ball python (D:2)
  2 endoplasms
  2 giant cockroaches (D:1)
  2 goblins (D:1)
  3 hobgoblins
  3 jackals (D:2)
  2 bats
  2 frilled lizards
  A kobold (D:2)
  A rat (D:2)
25 creatures vanquished.

Notes
Turn   | Place    | Note
-------+----------+-------------------------------------------
     0 | D:1      | hawla the Meteoran Ice Elementalist began the quest for the
                  | Orb.
     0 | D:1      | Reached XP level 1. HP: 14/14 MP: 5/5
    90 | D:1      | Reached XP level 2. HP: 20/20 MP: 3/6
   349 | D:2      | Reached XP level 3. HP: 13/26 MP: 0/8
   353 | D:2      | Learned a level 3 spell: Frozen Ramparts
   492 | D:2      | Learned a level 2 spell: Blink
   581 | D:3      | Reached skill level 5 in Ice Magic
   582 | D:3      | Reached XP level 4. HP: 24/33 MP: 4/10
   586 | D:3      | Killed from afar by an orc priest

Illustrated notes

Levels and vault maps discovered:
D:1:      dpeg_arrival_rooms_with_view, layout_basic
D:2:      layout_basic, uniq_crazy_yiuf_cottage, uniq_terence
D:3:      layout_basic, nicolae_shop_vocational

Skill      XL: |  1  2  3 |
---------------+----------+-----
Spellcasting   | 3 |  3.8
Ice Magic      | 5 |  5.0
Dodging        | |  2.8
Stealth        | |  1.4

Action                   |  1- 3 |  4- 6 || total
-------------------------+-------+-------++-------
Melee: Unarmed           |    20 |       ||    20
 Cast: Freeze            |    45 |     1 ||    46
       Frozen Ramparts   |     1 |       ||     1
  Use: Scroll            |     5 |       ||     5
Armor: Robe              |    14 |       ||    14
Dodge: Dodged            |    34 |       ||    34
